 Dungeon Crawl Stone Soup version 0.22.1-1-ga44c0e5 (webtiles) character file.

6892 Bwemp the Fighter (level 10, -10/84 HPs)
             Began as a Demonspawn Fire Elementalist on Nov 9, 2018.
             Was an Initiate of Sif Muna.
             Mangled by a manticore (11 damage)
             ... on level 11 of the Dungeon on Nov 10, 2018.
             The game lasted 00:48:23 (14561 turns).

Bwemp the Fighter (Demonspawn Fire Elementalist)   Turns: 14561, Time: 00:48:24

Health: -10/84     AC:  8    Str:  9 (11) XL:     10   Next: 79%
Magic:  19/19      EV: 15    Int: 28      God:    Sif Muna [......]
Gold:   418        SH:  0    Dex: 20      Spells: 9/22 levels left

rFire    + + .     SeeInvis .   a - staff of fire
rCold    + . .     Gourm    .   (no shield)
rNeg     . . .     Faith    .   j - +0 robe
rPois    +         Spirit   .   b - +0 helmet of Vimo {*Slow MR- Int+9 Dex+6}
rElec    .         Reflect  .   t - scarf {rC+ rF+}
rCorr    .         Harm     .   (gloves unavailable)
MR       .....                  i - +0 pair of boots
Stlth    ++........             (no amulet)
HPRegen  0.64/turn              d - ring of poison resistance
MPRegen  0.16/turn              x - +2 ring of protection

@: about to teleport, very slightly contaminated
A: claws 3, rugged brown scales 2, sense surroundings 1, powered by pain 2,
regeneration 1, strong 1, rot immunity
a: Renounce Religion


You were on level 11 of the Dungeon.
You worshipped Sif Muna.
Sif Muna was noncommittal.
You were not hungry.

You visited 2 branches of the dungeon, and saw 12 of its levels.

You collected 488 gold pieces.
You spent 70 gold pieces at shops.

Inventory:

Hand Weapons
 l - a +0 hunting sling
 o - a +0 spear of venom
 p - a +0 halberd
 C - a +3 long sword
Missiles
 e - 48 arrows
 m - 23 bolts
 w - 5 tomahawks of returning (quivered)
Armour
 b - the +0 helmet of Vimo (worn) {*Slow MR- Int+9 Dex+6}
   (You found it on level 7 of the Dungeon)

   It affects your intelligence (+9).
   It affects your dexterity (+6).
   It affects your resistance to hostile enchantments.
   It may slow you when you take damage.
 i - a +0 pair of boots (worn)
 j - a +0 robe (worn)
 q - the +4 chain mail of Pandemonium {rF+ Dex+2}
   (You found it on level 6 of the Dungeon)

   It affects your dexterity (+2).
   It protects you from fire.
 t - a scarf of resistance (worn)
Magical Staves
 a - an uncursed staff of fire (weapon)
 v - an uncursed staff of cold
Jewellery
 d - a ring of poison resistance (left claw)
 x - a +2 ring of protection (right claw)
Wands
 r - a wand of flame (19)
 u - a wand of acid (16)
 y - a wand of digging (9)
Scrolls
 f - 3 scrolls of remove curse
 g - 2 scrolls of amnesia
 h - a scroll of holy word {unknown}
 n - 3 scrolls of teleportation
 s - a scroll of magic mapping
Potions
 k - a potion of curing
 z - a potion of brilliance
Miscellaneous
 A - a lightning rod (4/4)
Comestibles
 c - 2 rations


   Skills:
 - Level 8.0 Fighting
 - Level 5.0 Staves
 + Level 4.0 Dodging
 - Level 1.7 Stealth
 - Level 6.5 Spellcasting
 - Level 7.5 Conjurations
 - Level 1.6 Translocations
 - Level 7.3 Fire Magic


You had 9 spell levels left.
You knew the following spells:

 Your Spells              Type           Power        Failure   Level  Hunger
a - Flame Tongue          Conj/Fire      #####        1%          1    None
b - Throw Flame           Conj/Fire      ######       1%          2    None
c - Sticky Flame          Conj/Fire      ######..     2%          4    ###....
d - Fireball              Conj/Fire      ######....   8%          5    #####..
e - Apportation           Tloc           ###...       3%          1    None

Your spell library contained the following spells:

 Spells                   Type           Power        Failure   Level  Hunger
 Conjure Flame            Conj/Fire      ######..     1%          3    None
 Inner Flame              Hex/Fire       #####...     3%          3    None
 Animate Skeleton         Necr           N/A          6%          1    None
 Confusing Touch          Hex            #.....       6%          1    None
 Summon Small Mammal      Summ           #...         6%          1    None
 Bolt of Magma            Conj/Fire/Erth ######....   21%         5    #####..
 Leda's Liquefaction      Hex/Erth       #.........   50%         4    ###....
 Iron Shot                Conj/Erth      ####......   88%         6    ######.
 Statue Form              Tmut/Erth      #........    100%        6    ######.
 Shatter                  Erth           #.........   100%        9    #######


Dungeon Overview and Level Annotations

Branches:
Dungeon (11/15)            Temple (1/1) D:7            Lair (0/6) D:11
    Orc: D:9-12

Altars:
Ashenzari
Gozag
Hepliaklqana
Makhleb
Okawaru
Qazlal
Ru
Sif Muna
Trog
Uskayaw
Wu Jian
Yredelemnul
The Shining One

Shops:
D:4 (   D:8 %(   D:10 (

Annotations:
D:5 Grinder
D:8 Gastronok
D:10 Fannar, Snorg


Innate Abilities, Weirdness & Mutations

You have claws for hands.
You are mostly covered in rugged brown scales. (AC +2, +5% HP)
You sometimes gain power by taking damage.
You are immune to rotting.
You passively map a small area around you.
Your natural rate of healing is unusually fast.
Your muscles are strong. (Str +2)


Message History

Confirm with . or Enter, or press ? or * to list all spells.
Aiming: Throw Flame (safe; 1% risk of failure)
Press: ? - help, Shift-Dir - straight line, f/p - manticore
Aim: a manticore (severely wounded)
You feel a surge of power!
The puff of flame hits the manticore.
The manticore is severely wounded.
The manticore barely misses you. The manticore claws you. x2
* * * LOW HITPOINT WARNING * * *
Okay, then.
As you read the scroll of teleportation, it crumbles to dust.
You feel strangely unstable. The manticore bites you.
* * * LOW HITPOINT WARNING * * *
The manticore claws you.
* * * LOW HITPOINT WARNING * * *
The manticore claws you.
* * * LOW HITPOINT WARNING * * *
You feel better. The manticore bites you!!
* * * LOW HITPOINT WARNING * * *
You focus on the pain.
You feel your power returning. The manticore claws you!
You die...

, * * * , , ,, ,, , , , ,
, ,, , , , , , , , , *
**################### * *
,,, ..........#........, ,
.........#........ , , ,
........@H........
############.....#........
, *
.................#.....###
.................#.....#
...........#.....#H....#,
, ,
...........#.....#.....#
...........#.....#.....#
...........#.....#.....#
..........<#.....# ,


You could see a manticore.

Vanquished Creatures
  Pikel (D:8)
  2 centaur zombies (D:10)
  2 hornets (D:8)
  A shadow (D:11)
  A wyvern (D:8)
  2 yaks (D:11)
  2 soldier ants (D:8)
  An orc warrior (D:7)
  3 sky beasts
  A slave (D:8)
  3 ice beasts
  2 black bears
  4 ogres
  3 phantoms
  5 centaurs
  A crocodile (D:11)
  A big kobold (D:8)
  3 bullfrogs
  A gnoll sergeant (D:10)
  4 scorpions
  3 killer bees
  4 wights
  3 crimson imps
  3 howler monkeys
  A bullfrog zombie (D:5)
  6 hounds
  6 orc wizards
  5 orc priests
  2 centaur skeletons
  2 jellies
  A bullfrog skeleton (D:9)
  An iguana (D:6)
  11 worker ants
  A killer bee zombie (D:6)
  A hound zombie (D:11)
  2 hound skeletons
  2 worker ant zombies
  A howler monkey skeleton (D:11)
  15 gnolls
  10 adders
  An ooze (D:3)
  2 adder skeletons
  2 adder zombies (D:9)
  3 worms
  4 dart slugs
  7 leopard geckos
  27 orcs
  A ball python (D:3)
  4 giant cockroaches
  4 goblins
  7 hobgoblins
  9 jackals
  7 bats
  5 frilled lizards
  8 kobolds
  6 rats
220 creatures vanquished.

Vanquished Creatures (others)
  2 orcs (D:8)
2 creatures vanquished.

Grand Total: 222 creatures vanquished

Notes
Turn   | Place    | Note
-------+----------+-------------------------------------------
     0 | D:1      | Bwemp the Demonspawn Fire Elementalist began the quest for
                  | the Orb.
     0 | D:1      | Reached XP level 1. HP: 13/13 MP: 3/3
   414 | D:1      | Gained mutation: You sometimes gain a little power by
                  | taking damage. [demonic ancestry]
   414 | D:1      | Reached XP level 2. HP: 19/19 MP: 0/5
   702 | D:1      | Learned a level 2 spell: Throw Flame
  1193 | D:2      | Gained mutation: You have sharp fingernails. [demonic
                  | ancestry]
  1193 | D:2      | Reached XP level 3. HP: 24/24 MP: 3/6
  1331 | D:2      | Found a hazy altar of Hepliaklqana.
  1731 | D:3      | Gained mutation: You have very sharp fingernails. [demonic
                  | ancestry]
  1731 | D:3      | Reached XP level 4. HP: 30/30 MP: 1/8
  2350 | D:3      | Gained mutation: You are partially covered in rugged brown
                  | scales. (AC +1, +3% HP) [demonic ancestry]
  2350 | D:3      | Reached XP level 5. HP: 24/36 MP: 3/10
  2690 | D:3      | Learned a level 4 spell: Sticky Flame
  3741 | D:4      | Found a stormy altar of Qazlal.
  3888 | D:4      | Found Yxajack's Antique Weapon Emporium.
  3903 | D:4      | Gained mutation: You have claws for hands. [demonic
                  | ancestry]
  3903 | D:4      | Reached XP level 6. HP: 42/42 MP: 5/11
  4212 | D:4      | Reached skill level 1 in Fighting
  4497 | D:4      | Reached skill level 2 in Fighting
  4705 | D:5      | Entered Level 5 of the Dungeon
  4705 | D:5      | Noticed a sky beast
  4784 | D:5      | Killed a sky beast
  4784 | D:5      | Reached skill level 3 in Fighting
  5196 | D:5      | Reached skill level 4 in Fighting
  5196 | D:5      | Gained mutation: You sometimes gain power by taking damage.
                  | [demonic ancestry]
  5196 | D:5      | Reached XP level 7. HP: 42/55 MP: 5/12
  5312 | D:5      | Learned a level 5 spell: Fireball
  5515 | D:5      | Reached skill level 5 in Fighting
  5616 | D:5      | Found an ornate altar of the Wu Jian Council.
  5994 | D:5      | Noticed Grinder
  6031 | D:6      | Reached skill level 5 in Fire Magic
  6337 | D:6      | Gained mutation: You are mostly covered in rugged brown
                  | scales. (AC +2, +5% HP) [demonic ancestry]
  6337 | D:6      | Reached XP level 8. HP: 57/65 MP: 8/13
  6354 | D:6      | Reached skill level 5 in Conjurations
  6571 | D:6      | Found an iron altar of Okawaru.
  6584 | D:6      | Found a sacrificial altar of Ru.
  6833 | D:6      | Got a bronze chain mail
  6854 | D:6      | Identified the +4 chain mail of Pandemonium {rF+ Dex+2}
                  | (You found it on level 6 of the Dungeon)
  7780 | D:7      | Found a basalt altar of Yredelemnul.
  8010 | D:9      | Found a burning altar of Makhleb.
  8439 | D:9      | Reached XP level 9. HP: 64/71 MP: 6/16
  8709 | D:9      | Learned a level 1 spell: Apportation
  8850 | D:9      | Reached skill level 1 in Translocations
  9302 | D:10     | Entered Level 10 of the Dungeon
  9501 | D:10     | Reached skill level 6 in Fighting
  9563 | D:10     | Reached skill level 7 in Fighting
  9849 | D:10     | Reached skill level 1 in Staves
 10309 | D:10     | Found Fiuguav's Weapon Shop.
 10489 | D:10     | Noticed Snorg
 10641 | D:8      | Reached skill level 5 in Staves
 10972 | D:8      | Gained mutation: You are immune to rotting. [demonic
                  | ancestry]
 10972 | D:8      | Reached XP level 10. HP: 82/82 MP: 10/17
 11142 | D:9      | Gained mutation: Your natural rate of healing is unusually
                  | fast. [potion of mutation]
 11142 | D:9      | Gained mutation: You passively map a small area around you.
                  | [potion of mutation]
 11142 | D:9      | Gained mutation: Your muscles are strong. (Str +2) [potion
                  | of mutation]
 11873 | D:8      | Reached skill level 5 in Spellcasting
 11935 | D:8      | Found Ohomuyn's Weapon Emporium.
 12235 | D:8      | Noticed Pikel
 12243 | D:8      | Killed Pikel
 12302 | D:8      | Found Ivaypp's Food Shop.
 12307 | D:8      | Bought a ration for 70 gold pieces
 12466 | D:8      | Found a bloodstained altar of Trog.
 13096 | D:8      | Noticed Gastronok
 13487 | D:7      | Found a staircase to the Ecumenical Temple.
 13489 | D:7      | Got a twisted helmet
 13492 | Temple   | Entered the Ecumenical Temple
 13508 | Temple   | Identified the cursed +0 helmet of Vimo {*Slow MR- Int+9
                  | Dex+6} (You found it on level 7 of the Dungeon)
 13522 | Temple   | Became a worshipper of Sif Muna the Loreminder
 14080 | D:11     | Reached skill level 8 in Fighting
 14194 | D:10     | Noticed Fannar
 14426 | D:11     | Found a staircase to the Lair.
 14548 | D:11     | Noticed a manticore
 14561 | D:11     | HP: 1/84 [manticore (25)]
 14561 | D:11     | Mangled by a manticore

Skill      XL: |  1  2  3  4  5  6  7  8  9 10 |
---------------+-------------------------------+-----
Fire Magic     | 3 4 5 6 7 |  7.3
Conjurations   | 2 3 4 6 7 |  7.5
Spellcasting   | 3 4 6 |  6.5
Fighting       | 4 5 7 8 |  8.0
Translocations | 1 |  1.6
Staves         | 5 |  5.0
Dodging        | 4 |  4.0
Stealth        | |  1.7

Action                   |  1- 3 |  4- 6 |  7- 9 | 10-12 || total
-------------------------+-------+-------+-------+-------++-------
Melee: Whip              |    29 |     3 |       |       ||    32
       Unarmed           |     1 |    11 |       |       ||    12
       Staff             |    13 |    42 |   121 |    11 ||   187
       Spear             |       |    15 |    99 |     8 ||   122
       Long sword        |       |     2 |       |       ||     2
Throw: Stone             |    20 |    18 |       |       ||    38
       Tomahawk          |       |       |    32 |     4 ||    36
 Cast: Flame Tongue      |    29 |    46 |    96 |    53 ||   224
       Throw Flame       |    14 |    60 |   102 |    74 ||   250
       Sticky Flame      |       |       |    15 |    10 ||    25
       Apportation       |       |       |     4 |     2 ||     6
       Fireball          |       |       |     2 |    11 ||    13
  Use: Potion            |       |     4 |     5 |     9 ||    18
       Scroll            |       |     6 |     9 |     7 ||    22
 Stab: Sleeping          |     4 |     1 |     3 |       ||     8
  Eat: Chunk             |     4 |     3 |       |       ||     7
       Ration            |       |     4 |     6 |     5 ||    15
Armor: Robe              |    11 |    40 |   119 |    31 ||   201
Dodge: Dodged            |    38 |    82 |   207 |    90 ||   417
